AoeStats
← aggromouse

Arabia

508539493Analyzed
1v1 RM · 8d ago on Sep 22, 2026· 25m 36s· 2 players
Game mode
Random Map
Map size
Tiny (2 player)
Population
200
Speed
Normal
Resources
Standard
Victory
Conquest
Starting age
Dark Age
Ending age
Imperial Age
RankedLock teamsTeams togetherTeam positionsShared explorationLock speedFull tech treeHidden civsTurbo modeCheats
Victory
Defeat
🇺🇸 Turks · United States
1191
+17
🇨🇴 Poles · Colombia
1204
-17
aggromouse
6:56 Loom
9:29 Feudal Age
9:58 Double-Bit Axe
9:54 Horse Collar
20:01 Castle Age
18:55 Gold Mining
19:20 Bloodlines
20:05 Scale Barding Armor
23:13 Sanctity
informessigma
5:51 Loom
9:22 Feudal Age
13:33 Forging
15:22 Double-Bit Axe
21:24 Castle Age
19:33 Horse Collar
21:20 Bloodlines
22:48 Light Cavalry
22:58 Pikeman
Connection lost

Rejoining the realm…

Still unreachable

The connection could not be restored.

Session expired

The server has moved on; the page needs a fresh start.